 Dungeon Crawl Stone Soup version 0.30-a0-371-gad7725a93e (webtiles) character file.

Game seed: 13790484858712344394

35011 snetch the Tortoise (level 13, -1/116 HPs)
             Began as a Minotaur Berserker on Nov 21, 2022.
             Was a High Priest of Trog.
             Killed from afar by an ice dragon (54 damage)
             ... with a blast of cold
             ... on level 15 of the Dungeon.
             The game lasted 00:55:27 (17284 turns).

snetch the Tortoise (Minotaur Berserker)           Turns: 17284, Time: 00:55:28

Health: -1/116     AC: 24    Str: 31    XL:     13   Next: 45%
Magic:  12/12      EV: 14    Int:  4    God:    Trog [*****.]
Gold:   787        SH:  4    Dex: 12    Spells: 12/12 levels left

rFire   . . .      SeeInvis .    a - +7 spear (vorpal)
rCold   . . .      Faith    .    R - +0 buckler
rNeg    . . .      Spirit   .    E - +0 plate armour
rPois   .          Reflect  .    Y - +2 hat
rElec   .          Harm     .    D - +1 cloak
rCorr   .          Rampage  .    (no gloves)
Will    ++...                    j - +1 pair of boots
Stlth   ..........               (no amulet)
HPRegen 1.39/turn                n - +6 ring of strength
MPRegen 0.13/turn                V - +4 ring of evasion

@: strong-willed, regenerating
A: horns 2, retaliatory headbutt
a: Renounce Religion, Berserk, Trog's Hand, Brothers in Arms


You were on level 15 of the Dungeon.
You worshipped Trog.
Trog was extremely pleased with you.
You visited 2 branches of the dungeon, and saw 16 of its levels.
You also visited: Sewer.

You collected 1238 gold pieces.
You spent 451 gold pieces at shops.

Inventory:

Hand Weapons
 a - a +7 vorpal spear (weapon)
 b - a +3 war axe
 c - a +3 morningstar of freezing
Missiles
 f - 24 poisoned darts (quivered)
 p - 120 stones
 y - 6 throwing nets
 A - 4 boomerangs
 F - a curare-tipped dart
Armour
 j - a +1 pair of boots (worn)
 D - a +1 cloak (worn)
 E - a +0 plate armour (worn)
 R - a +0 buckler (worn)
 Y - a +2 hat (worn)
Jewellery
 n - a +6 ring of strength (left hand)
 w - a ring of positive energy
 V - a +4 ring of evasion (right hand)
 Z - a ring of resist corrosion
Wands
 q - a wand of paralysis (7)
 H - a wand of mindburst (15)
 N - a wand of flame (25)
 P - a wand of digging (4)
 W - a wand of quicksilver (11)
 X - a wand of polymorph (4)
Scrolls
 d - 3 scrolls of fear {unknown}
 e - 5 scrolls of magic mapping {unknown}
 g - a scroll of torment {unknown}
 h - 2 scrolls of brand weapon
 l - 6 scrolls of teleportation {unknown}
 r - 2 scrolls of amnesia {unknown}
 u - a scroll of blinking
 v - 2 scrolls of immolation
 B - 4 scrolls of fog
 G - a scroll of silence
 I - 2 scrolls of enchant weapon
 J - 2 scrolls of vulnerability
 L - a scroll of noise {unknown}
 U - 3 scrolls of poison {unknown}
Potions
 i - 7 potions of mutation
 k - 2 potions of haste
 o - 3 potions of attraction
 s - 6 potions of curing
 t - 4 potions of might {unknown}
 x - 7 potions of flight
 C - 5 potions of ambrosia
 K - 2 potions of lignification
 M - 6 potions of brilliance {unknown}
 O - 2 potions of cancellation {unknown}
 Q - a potion of magic {unknown}
 S - 2 potions of invisibility
 T - 2 potions of resistance


   Skills:
 + Level 11.5 Fighting
 + Level 11.3(14.1) Axes
 + Level 10.2(12.4) Maces & Flails
 + Level 9.4(11.7) Polearms
 - Level 6.0 Throwing
 + Level 16.2 Armour
 + Level 4.9 Dodging
 + Level 2.1 Stealth
 + Level 2.9 Shields
 + Level 0.2 Evocations


You had 12 spell levels left.
You didn't know any spells.
Your spell library contained the following spells:

 Spells                   Type           Power      Damage    Failure   Level
 Freeze                   Ice            0%         1d3       98%         1
 Shock                    Conj/Air       0%         1d3       98%         1
 Cigotuvi's Dreadful Rot  Necr/Pois/Air  0%         N/A       99%         2
 Poisonous Vapours        Pois/Air       0%         N/A       99%         2
 Sublimation of Blood     Necr           0%         N/A       99%         2
 Wereblood                Tmut           0%         N/A       99%         2
 Call Canine Familiar     Summ           0%         N/A       100%        3
 Frozen Ramparts          Ice            0%         1d1       100%        3
 Hailstorm                Conj/Ice       0%         3d3       100%        3
 Ignite Poison            Fire/Tmut/Pois 0%         N/A       100%        3
 Mephitic Cloud           Conj/Pois/Air  0%         N/A       100%        3
 Ozocubu's Armour         Ice            0%         N/A       100%        3
 Portal Projectile        Hex/Tloc       0%         N/A       100%        3
 Swiftness                Air            0%         N/A       100%        3
 Tukima's Dance           Hex            0%         N/A       100%        3
 Airstrike                Air            0%         2d(0-16)  100%        4
 Leda's Liquefaction      Hex/Erth       0%         N/A       100%        4
 Passage of Golubria      Tloc           0%         N/A       100%        4
 Sticky Flame             Conj/Fire      0%         2d3       100%        4
 Yara's Violent Unravell  Hex/Tmut       0%         3d3       100%        5
 Ozocubu's Refrigeration  Ice            0%         4d7       100%        7
 Summon Hydra             Summ           0%         N/A       100%        7
 Ignition                 Fire           0%         3d3       100%        8


Dungeon Overview and Level Annotations

Branches:
Dungeon (15/15)            Temple (1/1) D:7            Lair (0/5) D:10
    Orc (0/2) D:10         Vaults (0/5) D:13          Sewer (visited)
 Depths: D:15

Altars:
Ashenzari
Cheibriados
Dithmenos
Elyvilon
Fedhas
Gozag
Hepliaklqana
Kikubaaqudgha
Makhleb
Nemelex Xobeh
Okawaru
Qazlal
Ru
Sif Muna
Trog
Uskayaw
Vehumet
Wu Jian
Xom
Yredelemnul
Zin
The Shining One
Lugonu

Shops:
D:6 ==!?(   D:7 [*   D:9 =   D:10 (

Annotations:
D:4 gold behind grate


Innate Abilities, Weirdness & Mutations

You have a pair of horns on your head.
You reflexively headbutt those who attack you in melee.


Message History

The ice dragon is lightly wounded.
The ice dragon breathes frost at you. The blast of cold hits you!!!
You hit the ice dragon.
The ice dragon is lightly wounded.
Your skin crawls.
You feel strong-willed. The ice dragon bites you. The ice dragon misses you.
The ice dragon barely misses you.
You hit the ice dragon but do no damage.
You headbutt the ice dragon.
The ice dragon is lightly wounded.
The fire dragon breathes flames at you. The blast of flame hits you!!
The ice dragon attacks as you move away!
The ice dragon bites you. The ice dragon closely misses you.
The ice dragon tramples you but does no damage.
The ice dragon breathes frost at you. The blast of cold hits you!!
* * * LOW HITPOINT WARNING * * *
You feel much better. The ice dragon barely misses you.
You furiously retaliate!
You headbutt the ice dragon! The ice dragon claws you.
* * * LOW HITPOINT WARNING * * *
The ice dragon tramples you but does no damage.
The fire dragon attacks as you move away!
The fire dragon closely misses you.
The fire dragon claws you but does no damage.
The fire dragon misses you.
There is a stone staircase leading up here.
You feel much better.
The ice dragon bites you but does no damage.
The ice dragon barely misses you.
The ice dragon tramples you but does no damage.
The fire dragon bites you but does no damage.
The fire dragon closely misses you.
The fire dragon tramples you but does no damage.
Your ogre goes berserk!
The ice dragon breathes frost at you. The blast of cold hits you!!!
You die...

#####.###..#######.#.
##8.8##.............##
##..<..#####...######..
##.......## #...# #.#
##...###.()###...###
#.#
#8.8##.##8.8#......#
#..
##.####.##.##......# #.
#.................# .
##.....@..........#
#....DD............
#...O............###
###.##...........#
##..#.########....
#......# # ####
##..8.## $$$
##...##..... ##...(.#


You could see a fire dragon, an ice dragon (catching breath, ally target) and a
friendly ogre (summoned, berserk).

Vanquished Creatures
  2 fire dragons (D:11)
  Josephine (D:10)
  2 hydras
  A boulder beetle (D:12)
  3 centaur warriors
  6 two-headed ogres
  A death knight (D:14)
  2 dancing weapons (D:13)
  A tengu warrior (D:13)
  Pikel (D:4)
  2 deep elf pyromancers
  11 ugly things
  4 manticores
  5 cyclopes
  Joseph (D:7)
  4 unseen horrors
  2 tengu conjurers
  A hornet (D:8)
  4 trolls
  6 slime creatures (D:12)
  Sigmund (D:2)
  14 yaks
  2 shadows
  A vampire (D:13)
  5 wraiths
  A basilisk (D:11)
  2 steam dragons (D:10)
  Menkaure (D:5)
  7 vampire mosquitoes
  3 wargs (D:10)
  An acid dragon (D:9)
  5 orc warriors
  2 water moccasins
  3 ogres
  3 ice beasts
  5 black bears
  A sky beast (D:7)
  10 centaurs
  2 kobold brigands (D:10)
  3 bullfrogs
  3 gnoll sergeants
  2 scorpions
  13 wights
  10 killer bees
  5 howler monkeys
  3 hounds
  3 jellies
  6 orc priests
  3 iguanas (D:6)
  9 orc wizards
  15 gnolls
  7 adders
  2 shadow imps
  3 white imps
  An ufetubus (D:4)
  2 worms
  3 dart slugs
  28 orcs
  9 endoplasms
  4 giant cockroaches
  5 goblins
  2 hobgoblins (D:3)
  4 jackals (Sewer)
  7 quokkas
  7 ball pythons
  2 bats
  A frilled lizard (D:1)
  2 goblin skeletons (D:6)
  A goblin zombie (D:6)
  A hobgoblin zombie (D:6)
  26 kobolds
  2 kobold skeletons (D:6)
  3 orc skeletons (D:6)
  17 rats
343 creatures vanquished.

Vanquished Creatures (collateral kills)
  A killer bee (D:8)
  2 gnolls (D:8)
3 creatures vanquished.

Vanquished Creatures (others)
  A kobold brigand (Sewer)
  5 demonic plants (D:1)
  15 fungi (D:10)
  18 plants
  2 withered plants (D:1)
41 creatures vanquished.

Grand Total: 387 creatures vanquished

Notes
Turn   | Place    | Note
-------+----------+-------------------------------------------
     0 | D:1      | snetch the Minotaur Berserker began the quest for the Orb.
     0 | D:1      | Reached XP level 1. HP: 19/19 MP: 0/0
   191 | D:2      | Reached XP level 2. HP: 20/27 MP: 1/1
   260 | D:1      | Found a faded altar of an unknown god.
   392 | D:1      | Reached ** piety under Trog
   393 | D:1      | Reached XP level 3. HP: 24/33 MP: 2/2
  1162 | D:2      | Reached skill level 3 in Armour
  1210 | D:2      | Noticed Sigmund
  1219 | D:2      | Killed Sigmund
  1220 | D:2      | Reached skill level 5 in Axes
  1220 | D:2      | Reached skill level 4 in Armour
  1220 | D:2      | Reached XP level 4. HP: 41/41 MP: 3/3
  1220 | D:2      | Reached XP level 5. HP: 47/47 MP: 4/4
  1689 | D:4      | Noticed a lemure
  1689 | D:4      | Noticed Pikel
  1689 | D:4      | Noticed a lemure
  1689 | D:4      | Noticed a lemure
  1690 | D:4      | Noticed a lemure
  1714 | D:4      | Killed Pikel
  1715 | D:4      | Reached skill level 5 in Fighting
  1715 | D:4      | Reached skill level 1 in Throwing
  1715 | D:4      | Reached skill level 6 in Armour
  1715 | D:4      | Reached XP level 6. HP: 30/57 MP: 5/5
  1715 | D:4      | Reached XP level 7. HP: 33/62 MP: 6/6
  1782 | D:4      | Found a glowing drain.
  1817 | Sewer    | Entered a sewer
  1887 | Sewer    | Reached *** piety under Trog
  1956 | Sewer    | Found a white marble altar of Elyvilon.
  2734 | D:5      | Entered Level 5 of the Dungeon
  2790 | D:4      | Reached skill level 1 in Maces & Flails
  2868 | D:4      | Reached XP level 8. HP: 25/70 MP: 7/7
  3017 | D:4      | Found a shimmering blue altar of Sif Muna.
  3019 | D:4      | Found a broken altar of Ashenzari.
  3024 | D:4      | Found an opulent altar of Gozag.
  3025 | D:4      | Found a burning altar of Makhleb.
  3026 | D:4      | Found a basalt altar of Yredelemnul.
  3423 | D:4      | Found a glowing silver altar of Zin.
  3704 | D:4      | Reached skill level 7 in Armour
  3787 | D:5      | Noticed Menkaure
  3803 | D:5      | Killed Menkaure
  4012 | D:5      | Reached **** piety under Trog
  4252 | D:5      | Reached skill level 1 in Stealth
  4377 | D:5      | Reached skill level 8 in Armour
  4730 | D:6      | Noticed a two-headed ogre
  4746 | D:6      | Killed a two-headed ogre
  4747 | D:6      | Reached skill level 9 in Armour
  4747 | D:6      | Reached XP level 9. HP: 61/79 MP: 8/8
  4900 | D:6      | Reached skill level 5 in Maces & Flails
  5037 | D:6      | Found an ornate altar of the Wu Jian Council.
  5049 | D:6      | Found a sparkling altar of Nemelex Xobeh.
  5075 | D:6      | Found a glowing golden altar of the Shining One.
  5169 | D:6      | Found a shadowy altar of Dithmenos.
  5208 | D:6      | Found Guivisun's Weapon Shop.
  5255 | D:6      | Found Fejadom's Jewellery Boutique.
  5814 | D:6      | Found a bloodstained altar of Trog.
  5823 | D:6      | Reached skill level 10 in Armour
  5901 | D:6      | Found Vaumilan's Distillery.
  5902 | D:6      | Found Okudiec's Jewellery Shoppe.
  5916 | D:6      | Bought 2 potions of heal wounds for 130 gold pieces
  5916 | D:6      | Bought a potion of mutation for 104 gold pieces
  5916 | D:6      | Bought a potion of ambrosia for 104 gold pieces
  5916 | D:6      | Bought a potion of curing for 39 gold pieces
  5941 | D:7      | Reached XP level 10. HP: 25/88 MP: 9/9
  6243 | D:6      | Found Sagrol's Magic Scroll Shop.
  6249 | D:6      | Bought a scroll of identify for 20 gold pieces
  6650 | D:7      | Found Kazidgh's Antique Armour Boutique.
  6679 | D:7      | Found a staircase to the Ecumenical Temple.
  6682 | D:7      | Noticed Joseph
  6701 | D:7      | Killed Joseph
  6721 | Temple   | Entered the Ecumenical Temple
  6801 | D:7      | Found a white marble altar of Elyvilon.
  6992 | D:7      | Found Wauhil's Assorted Antiques.
  6996 | D:7      | Bought a viscous clear potion for 27 gold pieces
  6996 | D:7      | Bought an amethyst potion for 27 gold pieces
  7147 | D:8      | Identified the +0 robe of Okawaru's Anger {Fly Will+}
  7152 | D:8      | Found a blossoming altar of Fedhas.
  7614 | D:8      | Reached skill level 11 in Armour
  8045 | D:8      | Reached skill level 10 in Axes
  8617 | D:10     | Entered Level 10 of the Dungeon
  8627 | D:10     | Found Nefuduq's Weapon Emporium.
  8639 | D:10     | Found a staircase to the Orcish Mines.
  9071 | D:10     | Reached skill level 12 in Armour
  9121 | D:11     | Noticed a two-headed ogre
  9135 | D:11     | Killed a two-headed ogre
  9136 | D:11     | Reached XP level 11. HP: 65/97 MP: 10/10
  9144 | D:10     | Noticed Josephine
  9159 | D:10     | Killed Josephine
  9160 | D:10     | Reached skill level 1 in Polearms
  9682 | D:9      | Found Futiqi's Jewellery Shoppe.
 10069 | D:10     | Found a staircase to the Lair.
 10796 | D:11     | Noticed a two-headed ogre
 10796 | D:11     | Noticed a red ugly thing
 10805 | D:11     | Killed a red ugly thing
 10809 | D:11     | Killed a two-headed ogre
 10810 | D:11     | Reached skill level 5 in Polearms
 10810 | D:11     | Reached skill level 13 in Armour
 10840 | D:10     | HP: 4/97 [poisoned by a kobold brigand]
 11468 | D:11     | Noticed a brown ugly thing
 11477 | D:11     | Killed a brown ugly thing
 11547 | D:11     | Noticed a fire dragon
 11567 | D:11     | Killed a fire dragon
 11933 | D:11     | Noticed a fire dragon
 11933 | D:11     | Noticed a seven-headed hydra
 11942 | D:11     | Killed a seven-headed hydra
 11943 | D:11     | Reached XP level 12. HP: 53/106 MP: 11/11
 11961 | D:11     | Killed a fire dragon
 11962 | D:11     | Reached skill level 10 in Fighting
 12265 | D:11     | Reached skill level 14 in Armour
 12391 | D:11     | Noticed a two-headed ogre
 12397 | D:11     | Killed a two-headed ogre
 12397 | D:11     | Reached ***** piety under Trog
 12979 | D:12     | Noticed a boulder beetle
 12993 | D:12     | Killed a boulder beetle
 12994 | D:12     | Reached skill level 5 in Throwing
 12994 | D:12     | Reached skill level 1 in Shields
 13403 | D:12     | Found the +7 staff of the Meek {protect, meekguard}
 13403 | D:12     | Noticed a two-headed ogre
 13423 | D:12     | Killed a two-headed ogre
 13424 | D:12     | Reached skill level 15 in Armour
 14337 | D:13     | Noticed a centaur warrior
 14363 | D:13     | Killed a centaur warrior
 14691 | D:13     | Noticed a centaur warrior
 14702 | D:13     | Killed a centaur warrior
 14777 | D:13     | Noticed a tengu warrior
 14820 | D:13     | Killed a tengu warrior
 15159 | D:13     | Reached XP level 13. HP: 87/116 MP: 12/12
 15299 | D:13     | Found a gate to the Vaults.
 16251 | D:14     | Reached skill level 16 in Armour
 16759 | D:14     | Reached skill level 10 in Maces & Flails
 16843 | D:15     | Entered Level 15 of the Dungeon
 17261 | D:15     | Noticed a fire dragon
 17280 | D:15     | HP: 5/116 [ice dragon/blast of cold (34)]
 17284 | D:15     | Killed from afar by an ice dragon

Illustrated notes

Levels and vault maps discovered:
D:1:      lemuel_arrival_behind_the_door_large, layout_loops_ring,
          shapermc_ecumenical_altar_gd, minivault_5,
          chequers_serial_rivers_room_b, dreamdust_princess_bridge
D:2:      minmay_spotlight, layout_basic, uniq_sigmund
D:3:      layout_basic, minmay_misc_feat_chi, nrook_mini_backslash
D:4:      layout_basic, minitemple, zin_treasury, gup_sewer_entry_glass,
          uniq_pikel
D:5:      black_bear_nest_2, layout_cave_pools, serial_column_ruins,
          column_ruins_hut_ruined, column_ruins_square_medium,
          column_ruins_corridor_dead_end, column_ruins_columns_dead_end,
          column_ruins_grid_1, column_ruins_open_large, column_ruins_grid_4,
          column_ruins_corridor_dead_end, column_ruins_open_small, uniq_menkaure
D:6:      layout_loops_cross, nicolae_tso_besieged_by_evil,
          amethyst_overflow_temple_binary,
          nicolae_dithmenos_through_a_glass_darkly, trog_ov_bears_minmay,
          serial_shops, shop, kennysheep_little_box, shop,
          nicolae_shop_behind_doors, shop
D:7:      layout_basic, overflow_temple_1_default,
          minmay_temple_entry_junction_2, serial_shops, shop, shop, uniq_joseph
D:8:      layout_layer_cave, fedhas_altar_3, chequers_jeans
D:9:      layout_basic, serial_shops, shop, minmay_hedge_maze,
          dreamdust_wishing_well, kennysheep_boxes
D:10:     kennysheep_steamy, layout_long_grid, erik_lair_orcish_takeover,
          orc_david_3, minmay_misc_feat_iff, minmay_misc_feat_ornament,
          uniq_josephine
D:11:     layout_grid_maze, minmay_shattered_shrine
D:12:     layout_roguey
D:13:     layout_long_grid, erik_vaults_1
D:14:     layout_roguey, nrook_uturn
D:15:     grunt_enter_depths_hoard, layout_basic, minmay_misc_feat_alley,
          grunt_ministairs_8, nicolae_ru_great_annihilating_truth, uniq_jorgrun
Temple:   corrupted_temple

Skill      XL: |  1  2  3  4  5  6  7  8  9 10 11 12 13 |
---------------+----------------------------------------+-----
Axes           | 4 5 6 7 8 10 11 | 11.3
Fighting       | 4 5 7 9 11 | 11.5
Armour         | 4 6 9 10 12 13 15 16 | 16.2
Dodging        | 3 4 |  4.9
Throwing       | 1 2 3 4 5 6 |  6.0
Maces & Flails | 2 4 7 8 9 10 | 10.2
Stealth        | 1 2 |  2.1
Polearms       | 6 8 9 |  9.4
Shields        | 1 2 |  2.9
Evocations     | |  0.2

Action                   |  1- 3 |  4- 6 |  7- 9 | 10-12 | 13-15 || total
-------------------------+-------+-------+-------+-------+-------++-------
Melee: Hand axe          |    98 |    43 |    37 |    44 |       ||   222
       Headbutt          |    17 |     9 |    56 |   115 |    19 ||   216
       Punch             |       |     1 |     3 |     4 |       ||     8
       Whip              |       |       |   322 |   125 |       ||   447
       Spear             |       |       |       |   362 |    19 ||   381
       War axe           |       |       |       |     7 |     5 ||    12
       Battleaxe         |       |       |       |     2 |       ||     2
       Morningstar       |       |       |       |       |    70 ||    70
Throw: Dart              |     3 |     1 |    23 |    52 |    16 ||    95
       Stone             |       |       |       |    18 |     7 ||    25
Invok: Berserk           |     1 |       |     4 |     9 |       ||    14
       Trog's Hand       |     1 |       |       |     4 |     1 ||     6
       Brothers in Arms  |       |       |       |     1 |     1 ||     2
Evoke: Wand              |       |       |       |     2 |       ||     2
  Use: Scroll            |       |       |       |    13 |     1 ||    14
       Potion            |       |       |       |     3 |     2 ||     5
Armor: Chain mail        |    12 |     5 |   152 |    16 |       ||   185
       Animal skin       |     1 |       |       |       |       ||     1
       Ring mail         |    24 |       |       |       |       ||    24
       Scale mail        |       |    11 |    38 |       |       ||    49
       Plate armour      |       |       |       |   303 |    62 ||   365
Dodge: Dodged            |    43 |    14 |   171 |   269 |    48 ||   545
Block: Buckler           |       |       |       |    29 |    11 ||    40

Table legend: (Time is in decaauts)
 A = Elapsed time spent in this place.
 B = Non-inter-level travel time spent in this place.
 C = Inter-level travel time spent in this place.
 D = Time resting spent in this place.
 E = Time spent auto-exploring this place.
 F = Levels seen in this place.
 G = Mean time per level.
                   A        B        C        D        E       F      G
               +--------+--------+--------+--------+--------+-----+--------+
         Total |  17179 |  15787 |   1392 |    401 |  10950 |  17 | 1010.5 |
       Dungeon |  16834 |  15454 |   1380 |    401 |  10769 |  15 | 1122.3 |
        Temple |     63 |     51 |     12 |      0 |     44 |   1 |   63.0 |
         Sewer |    282 |    282 |      0 |      0 |    137 |   1 |  282.0 |
               +--------+--------+--------+--------+--------+-----+--------+

Top non-repeatable levels by time:
    D:11: 2140 daAuts
    D:10: 1672 daAuts
     D:4: 1608 daAuts
    D:13: 1527 daAuts
     D:6: 1461 daAuts
    D:14: 1342 daAuts
     D:8: 1034 daAuts
     D:9: 1013 daAuts
    D:12: 969 daAuts
     D:5: 944 daAuts
     D:1: 934 daAuts
     D:7: 870 daAuts
     D:3: 631 daAuts
     D:2: 588 daAuts
   Sewer: 282 daAuts
